 Dungeon Crawl Stone Soup version 0.30-b1-2-g02819fbbbe (webtiles) character file.

Game seed: 10233193589833944807

2 nightchill the Chiller (level 1, 0/13 HPs)
             Began as a Merfolk Ice Elementalist on Oct 10, 2023.
             Slain by a quokka (4 damage)
             ... on level 1 of the Dungeon.
             The game lasted 00:00:35 (97 turns).

nightchill the Chiller (Merfolk Ice Elementalist)     Turns: 97, Time: 00:00:36

Health: 0/13       AC:  2    Str:  8    XL:     1   Next: 30%
Magic:  0/3        EV: 12    Int: 14    God:
Gold:   0          SH:  0    Dex: 14    Spells: 3/4 levels left

rFire   . . .        (no weapon)
rCold   . . .        (no shield)
rNeg    . . .        a - +0 robe
rPois   .            (no helmet)
rElec   .            (no cloak)
rCorr   .            (no gloves)
SInv    .            (no boots)
Will    .....        (no amulet)
Stlth   ++           (no ring)
HPRegen 0.22/turn    (no ring)
MPRegen 0.08/turn

%: no passive effects
@: no status effects
A: (nimble swimmer 2), mertail
a: no special abilities


You were on level 1 of the Dungeon.
You visited 1 branch of the dungeon, and saw 1 of its levels.

Inventory:

Missiles
 c - a poisoned dart
Armour
 a - a +0 robe (worn)
Potions
 b - a potion of magic


   Skills:
 + Level 0.1 Fighting
 - Level 2.6 Dodging
 - Level 2.1 Stealth
 + Level 2.0 Spellcasting
 * Level 4.4 Ice Magic


You had 3 spell levels left.
You knew the following spells:

 Your Spells              Type           Power      Damage    Failure   Level
a - Freeze                Ice            52%        1d6       3%          1

Your spell library contained the following spells:

 Spells                   Type           Power      Damage    Failure   Level
 Frozen Ramparts          Ice            26%        1d4       12%         3
 Ozocubu's Armour         Ice            13%        N/A       12%         3
 Summon Ice Beast         Ice/Summ       7%         N/A       67%         4


Dungeon Overview and Level Annotations

Branches:
Dungeon (1/15)

Altars:


Innate Abilities, Weirdness & Mutations

((You are very nimble when in or above water. (Stealth+, EV+, Speed+++)))
Your lower body shifts to a powerful aquatic tail in water.


Message History

Confirm with . or Enter, or press ? or * to list all spells.
You don't have enough magic to cast this spell.
The quokka barely misses you. The quokka attacks as you move away!
The quokka closely misses you. The quokka attacks as you move away!
The quokka barely misses you. The quokka attacks as you move away!
The quokka misses you.
The quokka bites you but does no damage.
The quokka attacks as you move away! The quokka barely misses you.
The quokka misses you.
Casting: Freeze (safe; 3% risk of failure)
Confirm with . or Enter, or press ? or * to list all spells.
Aiming: Freeze (safe; 3% risk of failure)
Press: ? - help, Shift-Dir - straight line, f/p - quokka
Aim: a quokka You freeze the quokka.
The quokka is lightly wounded.
The quokka bites you. The quokka attacks as you move away!
The quokka barely misses you. The quokka attacks as you move away!
The quokka bites you.
* * * LOW HITPOINT WARNING * * *
You see here 3 poisoned darts.
c - 3 poisoned darts The quokka bites you.
* * * LOW HITPOINT WARNING * * *
The quokka barely misses you.
You don't have enough magic to cast this spell.
Throw: 3 darts (poison)
Press: ? - help, Shift-Dir - straight line, f/p - quokka
Aim: a quokka (lightly wounded, 46% to hit)
You throw a poisoned dart.
The poisoned dart closely misses the quokka.
The quokka bites you but does no damage.
Throw: 2 darts (poison)
Press: ? - help, Shift-Dir - straight line, f/p - quokka
Aim: a quokka (lightly wounded, 46% to hit)
You throw a poisoned dart. The poisoned dart hits the quokka.
The quokka is poisoned.
The quokka is lightly wounded.
The quokka bites you.
You die...

#.....##.. ...
#.....##.###.#
#.....##....).
#.....##...##.
#.....##...# =
#........#.# .
#####.....####.#
r
#.r............#
#
#@############..
#.# ### #.# #.#
#.# #.# #.# #.#
#.#


You could see a quokka (poisoned).

Vanquished Creatures
  A goblin (D:1)
  A frilled lizard (D:1)
2 creatures vanquished.

Notes
Turn   | Place    | Note
-------+----------+-------------------------------------------
     0 | D:1      | nightchill the Merfolk Ice Elementalist began the quest for
                  | the Orb.
     0 | D:1      | Reached XP level 1. HP: 13/13 MP: 3/3
    97 | D:1      | Slain by a quokka

Illustrated notes

Levels and vault maps discovered:
D:1:      amcnicky_arrival_single_pillar, layout_basic, minmay_split_cup_small

Action                     || total
---------------------------++-------
  Throw: Dart              ||     2
   Cast: Freeze            ||     4
 Armour: Robe              ||     2
  Dodge: Dodged            ||     9
